 Seeded DCSS version 0.30-a0-12-gd8047c6341 (webtiles) character file.

Game seed: 20220823 (custom seed)

581 NinjaNoafa the Magician (level 7, -1/52 HPs)
             Began as a Djinni Venom Mage on Aug 23, 2022.
             Slain by Eustachio
             ... wielding a +0 falchion of freezing
              (2 damage)
             ... on level 5 of the Dungeon.
             The game lasted 00:16:09 (5820 turns).

NinjaNoafa the Magician (Djinni Venom Mage)         Turns: 5820, Time: 00:16:10

Health: -1/52      AC:  2    Str:  6 (7)  XL:     7   Next: 63%
Gold:   260        EV: 19    Int: 18      God:
                   SH:  0    Dex: 19

rFire   + . .      SeeInvis .      - Unarmed
rCold   . . .      Faith    .    (shield currently unavailable)
rNeg    . . .      Spirit   .    (body armour currently unavailable)
rPois   ∞          Reflect  .    (helmet currently unavailable)
rElec   .          Harm     .    (cloak currently unavailable)
rCorr   .          Rampage  .    (gloves currently unavailable)
Will    .....                    (boots unavailable)
Stlth   ++........               (no amulet)
HPRegen 0.17/turn                c - ring of protection from fire
MPRegen 0.00/turn                (no ring)

@: spider-form, wereblooded, flying
A: venomous fangs, flying, sickness immunity, tiny, (fire resistance 2), (cold
vulnerability 1), float, innate caster, HP casting, extra vitality 1
a: End Transformation


You were on level 5 of the Dungeon.
You were a venomous arachnid creature.
You visited 1 branch of the dungeon, and saw 5 of its levels.

You collected 260 gold pieces.

Inventory:

Hand Weapons
 m - a +3 short sword (melded)
Missiles
 b - 54 stones
Armour
 a - a +0 robe (melded)
 d - a +0 pair of gloves (melded)
 r - a +0 helmet (melded)
Jewellery
 c - a ring of protection from fire (left front leg)
Scrolls
 f - a scroll of enchant weapon {unknown}
 g - 3 scrolls of fear
 i - 3 scrolls of teleportation
 j - a scroll of poison
 k - a scroll of vulnerability {unknown}
 l - a scroll of noise {unknown}
 n - 2 scrolls of immolation
 p - a scroll of enchant armour {unknown}
 q - a scroll of identify
Potions
 e - a potion of ambrosia {unknown}
 o - a potion of degeneration


   Skills:
 - Level 4.0 Fighting
 - Level 2.1 Dodging
 - Level 1.5 Stealth
 + Level 2.6 Unarmed Combat
 - Level 5.0 Spellcasting


You couldn't memorise any spells.
You knew the following spells:

 Your Spells              Type           Power      Damage    Failure   Level
a - Sting                 Tmut/Pois      88%        1d7       7%          1
b - Poisonous Vapours     Pois/Air       44%        N/A       10%         2
c - Mephitic Cloud        Conj/Pois/Air  22%        N/A       14%         3
d - Olgreb's Toxic Radia  Pois           22%        N/A       36%         4
e - Magic Dart            Conj           88%        1d7       7%          1
f - Wereblood             Tmut           22%        N/A       10%         2
g - Spider Form           Tmut/Pois      22%        N/A       14%         3
Your spell library was empty.

Dungeon Overview and Level Annotations

Branches:
Dungeon (5/15)
 Temple: D:4-7

Altars:

Annotations:
D:5 Eustachio


Innate Abilities, Weirdness & Mutations

You are a venomous arachnid creature.
You have poisonous fangs.
You are tiny and dextrous.
You are flying.
Your spellcasting is less reliable in this form.
Your armour is entirely melded.
You are incapable of wielding weapons or throwing items.
You are immune to sickness and miasma.
You are immune to poison.
((Your flesh is very heat resistant. (rF++)))
((You are vulnerable to cold. (rC-)))
You float through the air rather than walking.
You learn spells naturally, not from books.
Your magical power is your life essence.
You have superior vitality. (+4 MHP)


Message History

The iguana barely misses you. Eustachio barely misses you.
The hound closely misses you.
You hit the hound.
The hound looks as sick as possible!
The hound is severely wounded.
The hound bites you. The iguana bites you.
Eustachio hits you with a +0 falchion of freezing!
Eustachio freezes you.
You hit the hound.
You feel a bit better.
You kill the hound!
Eustachio closely misses you. The iguana closely misses you.
You feel your intelligence returning.
You hit Eustachio.
Eustachio is moderately wounded.
Eustachio casts a spell.
The iguana misses you.
You hit Eustachio.
Eustachio is heavily wounded.
The bat hits you but does no damage. The iguana completely misses you.
Eustachio hits you with a +0 falchion of freezing.
Eustachio freezes you. The quokka bites you.
You hit Eustachio but do no damage.
Eustachio looks as sick as possible!
Eustachio is heavily wounded.
The bat completely misses you. The quokka misses you. The iguana bites you.
* * * LOW HITPOINT WARNING * * *
Eustachio closely misses you. The bat closely misses you.
You hit Eustachio.
Eustachio looks as sick as possible!
Eustachio is severely wounded.
The bat barely misses you. The quokka misses you.
The iguana closely misses you.
Eustachio hits you with a +0 falchion of freezing!
* * * LOW HITPOINT WARNING * * *
Eustachio freezes you.
* * * LOW HITPOINT WARNING * * *
You feel better. The bat misses you. The quokka bites you.
* * * LOW HITPOINT WARNING * * *
The iguana misses you.
Eustachio hits you with a +0 falchion of freezing.
* * * LOW HITPOINT WARNING * * *
Eustachio freezes you.
You die...

## ##
##..#####..##
#....@!.....#
♣.rs..♣
#....rbl....#
##..#####..##
## ##


You could see Eustachio (extremely poisoned), an iguana, a quokka (summoned), a
bat (summoned) and a rat (summoned).

Vanquished Creatures
  A black bear (D:4)
  An ogre (D:4)
  A scorpion (D:4)
  A hound (D:5)
  An iguana (D:4)
  A jelly (D:4)
  Natasha (thrice) (D:3)
  Robin (D:4)
  3 gnolls (D:2)
  4 adders
  A worm (D:4)
  3 dart slugs
  An orc (D:3)
  10 bats
  2 endoplasms
  3 giant cockroaches
  27 goblins
  11 hobgoblins
  5 jackals
  3 kobolds
  A quokka (D:4)
  9 ball pythons
  A frilled lizard (D:3)
  8 rats
102 creatures vanquished.

Notes
Turn   | Place    | Note
-------+----------+-------------------------------------------
     0 | D:1      | NinjaNoafa the Djinni Venom Mage began the quest for the
                  | Orb.
     0 | D:1      | NinjaNoafa set off with the following spells memorised:
                  | Sting, Poisonous Vapours, Mephitic Cloud, Olgreb's Toxic
                  | Radiance.
     0 | D:1      | Reached XP level 1. HP: 15/15 MP: 0/0
   125 | D:1      | Reached skill level 1 in Fighting
   158 | D:1      | Reached XP level 2. HP: 12/22 MP: 0/0
   885 | D:1      | Reached XP level 3. HP: 23/28 MP: 0/0
   885 | D:1      | Learned a level 1 spell: Magic Dart
  1344 | D:2      | Reached skill level 3 in Spellcasting
  1503 | D:2      | Reached XP level 4. HP: 2/33 MP: 0/0
  2520 | D:3      | Noticed Natasha
  2531 | D:3      | Killed Natasha
  2532 | D:3      | Reached XP level 5. HP: 5/38 MP: 0/0
  2532 | D:3      | Learned a level 2 spell: Wereblood
  2846 | D:3      | Noticed Natasha
  2853 | D:3      | Killed Natasha
  2854 | D:3      | Reached skill level 4 in Spellcasting
  3022 | D:3      | Noticed Natasha
  3030 | D:3      | Killed Natasha
  3795 | D:4      | Reached XP level 6. HP: 25/43 MP: 0/0
  3818 | D:4      | HP: 2/43 [scorpion (4)]
  4140 | D:4      | Noticed an ogre
  4140 | D:4      | Noticed a black bear
  4259 | D:4      | Reached skill level 5 in Spellcasting
  4482 | D:4      | Killed a black bear
  4483 | D:4      | Reached XP level 7. HP: 15/50 MP: 0/0
  4483 | D:4      | Learned a level 3 spell: Spider Form
  5205 | D:4      | Reached skill level 1 in Unarmed Combat
  5462 | D:4      | Noticed Robin
  5491 | D:4      | Killed Robin
  5801 | D:5      | Entered Level 5 of the Dungeon
  5801 | D:5      | Noticed Eustachio
  5819 | D:5      | HP: 1/52 [Eustachio/+0 falchion of freezing (3)]
  5820 | D:5      | Slain by Eustachio

Illustrated notes

Levels and vault maps discovered:
D:1:      onia_arrival_mini_spirals, layout_rooms, minmay_pentomino_t2
D:2:      layout_loops_ring
D:3:      layout_rooms, uniq_natasha
D:4:      kennysheep_goblin_castle, layout_cave_pools, minmay_quadrilaterals
D:5:      layout_gridville, serial_shops, nicolae_shop_bloodbath_and_beyond,
          grunt_ministairs_15, uniq_sigmund, uniq_eustachio

Skill      XL: |  1  2  3  4  5  6  7 |
---------------+----------------------+-----
Fighting       | 1 2 3 4 |  4.0
Spellcasting   | 3 4 5 |  5.0
Unarmed Combat | 2 |  2.6
Dodging        | |  2.1
Stealth        | |  1.5

Action                   |  1- 3 |  4- 6 |  7- 9 || total
-------------------------+-------+-------+-------++-------
Melee: Unarmed           |     7 |     1 |    51 ||    59
       Short sword       |       |    16 |     6 ||    22
 Cast: Sting             |    38 |    17 |    17 ||    72
       Magic Dart        |    11 |    37 |     2 ||    50
       Poisonous Vapours |     6 |    37 |     6 ||    49
       Wereblood         |       |     6 |     5 ||    11
       Mephitic Cloud    |       |     3 |     4 ||     7
       Spider Form       |       |       |     9 ||     9
  Use: Scroll            |     3 |     3 |       ||     6
       Potion            |       |     3 |     1 ||     4
 Stab: Confused          |       |       |     2 ||     2
Armor: Robe              |     8 |    15 |     7 ||    30
       Skin              |       |       |     7 ||     7
Dodge: Dodged            |    26 |    48 |    78 ||   152

Table legend: (Time is in decaauts)
 A = Elapsed time spent in this place.
 B = Non-inter-level travel time spent in this place.
 C = Inter-level travel time spent in this place.
 D = Time resting spent in this place.
 E = Time spent auto-exploring this place.
 F = Levels seen in this place.
 G = Mean time per level.
                   A        B        C        D        E       F      G
               +--------+--------+--------+--------+--------+-----+--------+
         Total |   5817 |   5695 |    122 |    596 |   4332 |   5 | 1163.4 |
       Dungeon |   5817 |   5695 |    122 |    596 |   4332 |   5 | 1163.4 |
               +--------+--------+--------+--------+--------+-----+--------+

Top non-repeatable levels by time:
     D:4: 2024 daAuts
     D:2: 1408 daAuts
     D:3: 1282 daAuts
     D:1: 1084 daAuts
     D:5: 18 daAuts
